 Dungeon Crawl Stone Soup version 0.30-a0-702-gdf48620a09 (webtiles) character file.

Game seed: 5076935797455551214

30837 wormed the Covert (level 13, -16/101 HPs)
             Began as a Demonspawn Fire Elementalist on Jan 21, 2023.
             Was a High Priest of Vehumet.
             Demolished by a death yak (20 damage)
             ... on level 3 of the Lair of Beasts.
             The game lasted 00:33:27 (21618 turns).

wormed the Covert (Demonspawn Fire Elementalist)   Turns: 21618, Time: 00:33:28

Health: -16/101    AC:  6    Str: 10    XL:     13   Next: 22%
Magic:  4/26       EV: 24    Int: 25    God:    Vehumet [*****.]
Gold:   1026       SH:  0    Dex: 18    Spells: 9/30 levels left

rFire   + . .      SeeInvis .    y - +10 dagger of the Spider Nest {pain, *Noise Str+2 Int+8 Stlth+}
rCold   + + +      Faith    .    (no shield)
rNeg    . . .      Spirit   .    P - +0 troll leather armour
rPois   +          Reflect  .    F - +1 hat {Will+}
rElec   +          Harm     .    S - scarf {rC+ rF+}
rCorr   .          Rampage  .    (gloves unavailable)
Will    +....                    h - +0 pair of boots
Stlth   ++++++                   (no amulet)
HPRegen 1.16/turn                a - +5 ring of evasion
MPRegen 0.20/turn                b - ring of Cegh {rElec rPois rC+++ Int-4 Dex+3}

@: studying Stealth
A: claws 3, repulsion field 2, demonic guardian 2, spiny 2
a: Renounce Religion


You were on level 3 of the Lair of Beasts.
You worshipped Vehumet.
Vehumet was extremely pleased with you.
You visited 3 branches of the dungeon, and saw 15 of its levels.
You also visited: Ice Cave.

You collected 1026 gold pieces.

Inventory:

Hand Weapons
 y - the +10 dagger of the Spider Nest (weapon) {pain, *Noise Str+2 Int+8 Stlth+}
   (You found it on level 4 of the Dungeon)

   Str:       It affects your strength (+2).
   Int:       It affects your intelligence (+8).
   *Noise:    It may make noises in combat.
   Stlth:     It makes you more stealthy.
Missiles
 L - 2 throwing nets
Armour
 h - a +0 pair of boots (worn)
 F - a +1 hat of willpower (worn)
 P - a +0 troll leather armour (worn)
 S - a scarf of resistance (worn)
Jewellery
 a - a +5 ring of evasion (left claw)
 b - the ring of Cegh (right claw) {rElec rPois rC+++ Int-4 Dex+3}
   (You found it on level 5 of the Dungeon)

   [ring of poison resistance]

   Int:       It affects your intelligence (-4).
   Dex:       It affects your dexterity (+3).
   rC:        It renders you almost immune to cold.
   rElec:     It insulates you from electricity.
   rPois:     It protects you from poison.
 c - a +5 ring of evasion
 d - a ring of protection from cold
 f - a ring of flight
 p - a ring of protection from fire
 E - a ring of fire
 H - a ring of protection from fire
 I - a ring of fire
 T - a +6 ring of dexterity
 U - a ring of willpower
Wands
 k - a wand of roots (26)
 r - a wand of charming (6)
 t - a wand of flame (27)
 v - a wand of polymorph (12) (quivered)
 K - a wand of light (4)
Scrolls
 i - a scroll of brand weapon
 m - 5 scrolls of teleportation
 w - 5 scrolls of amnesia
 J - a scroll of enchant weapon
 M - a scroll of fear
 R - 2 scrolls of fog
Potions
 e - 3 potions of lignification
 g - 2 potions of resistance
 j - 2 potions of attraction
 l - a potion of might
 n - 3 potions of cancellation
 s - a potion of berserk rage
 x - 6 potions of heal wounds
 z - 7 potions of curing {unknown}
 A - 2 potions of magic
 B - a potion of flight {unknown}
 C - 6 potions of brilliance {unknown}
 G - 4 potions of mutation {unknown}
 O - a potion of haste {unknown}


   Skills:
 + Level 9.4 Fighting
 + Level 8.9 Dodging
 - Level 11.0 Stealth
 + Level 9.1 Spellcasting
 + Level 9.6 Conjurations
 + Level 9.2 Fire Magic


You had 9 spell levels left.
You knew the following spells:

 Your Spells              Type           Power      Damage    Failure   Level
a - Foxfire               Conj/Fire      100%       2x1d9     1%          1
b - Scorch                Fire           100%       2d10      1%          2
c - Inner Flame           Hex/Fire       34%        N/A       1%          3
d - Flame Wave            Conj/Fire      55%        2d13      1%          4
e - Airstrike             Air            5%         2d(1-17)  19%         4
f - Orb of Destruction    Conj           28%        9d9       30%         7

Your spell library contained the following spells:

 Spells                   Type           Power      Damage    Failure   Level
 Kindle Blastsparks       Fire/Tloc/Air  52%        2d14      1%          3
 Sticky Flame             Conj/Fire      55%        2d7       1%          4
 Lightning Bolt           Conj/Air       17%        1d32      8%          5
 Cigotuvi's Dreadful Rot  Necr/Pois/Air  22%        N/A       11%         2
 Ozocubu's Armour         Ice            11%        N/A       22%         3
 Summon Guardian Golem    Hex/Summ       11%        N/A       22%         3
 Dispel Undead            Necr           11%        3d9       58%         4
 Summon Lightning Spire   Summ/Air       11%        N/A       58%         4
 Spellforged Servitor     Conj/Summ      17%        N/A       88%         7
 Death Channel            Necr           5%         N/A       100%        6
 Ozocubu's Refrigeration  Ice            5%         4d8       100%        7


Dungeon Overview and Level Annotations

Branches:
Dungeon (11/15)            Temple (1/1) D:4            Lair (3/5) D:9
 Spider (0/4) Lair:2          Orc (0/2) D:10          IceCv (visited)
  Swamp: Lair:2-3    Shoals: Lair:2-3

Altars:
Ashenzari
Cheibriados
Dithmenos
Fedhas
Gozag
Hepliaklqana
Kikubaaqudgha
Makhleb
Nemelex Xobeh
Okawaru
Qazlal
Ru
Sif Muna
Trog
Uskayaw
Vehumet
Wu Jian
Xom
Yredelemnul

Shops:
D:3 *


Innate Abilities, Weirdness & Mutations

You have claws for hands.
You are surrounded by a moderate repulsion field. (EV +3)
A demonic guardian rushes to your aid.
You are mostly covered in sharp spines.


Message History

Your sixfirhy barely misses the death yak.
Your sixfirhy hits the death yak.
Your sixfirhy shocks the death yak!
Your sixfirhy hits the death yak.
Your sixfirhy shocks the death yak!
Your sixfirhy hits the death yak.
Your sixfirhy shocks the death yak!
The death yak closely misses you. The death yak is struck by your spines.
The death yak gores you!
* * * LOW HITPOINT WARNING * * *
The death yak barely misses your sixfirhy.
The death yak gores your sixfirhy. The death yak is struck by your spines.
The death yak completely misses you.
Casting: Flame Wave (safe; 1% risk of failure)
Confirm with . or Enter, or press ? or * to list all spells.
Restarting spell: Flame Wave (safe; 1% risk of failure)
Press: ? - help, Dir - look around, f - activate A wave of flame ripples out!
The flame wave engulfs the death yak.
The death yak is almost dead.
The flame wave engulfs the death yak!!
The death yak is burned terribly!
You kill the death yak!
Vehumet accepts your kill.
The flame wave engulfs the death yak!
The death yak is heavily wounded.
The flame wave engulfs the death yak!
The death yak is severely wounded. (Press . to intensify the flame waves.)
Your sixfirhy hits the death yak.
Your sixfirhy shocks the death yak!
The death yak dies!
Vehumet accepts your kill. The death yak gores your sixfirhy!
The death yak completely misses you. The death yak misses you.
Casting: Flame Wave (safe; 1% risk of failure)
Confirm with . or Enter, or press ? or * to list all spells.
Restarting spell: Flame Wave (safe; 1% risk of failure)
Press: ? - help, Dir - look around, f - activate A wave of flame ripples out!
The flame wave engulfs the death yak.
The death yak is severely wounded.
The flame wave engulfs the death yak but does no damage.
The death yak is severely wounded. (Press . to intensify the flame waves.)
The death yak gores you!!
You die...

### P#####
#........##
#...........
#...........
#...........
#...........
#..#Y.♣....
#..@†3Y.♣
#...Y..♣♣
#......♣
#......♣
#..(..♣♣
#......♣
#......♣
#.....♣♣
#......♣


You could see 3 death yaks and a friendly sixfirhy (summoned).

Vanquished Creatures
  Fannar (Lair:2)
  4 two-headed ogres
  Erica (D:8)
  2 death yaks
  The ghost of olddryhag the Slicer, a novice DsGl of Wu Jian (D:9)
  2 bog bodies (IceCv)
  Pikel (D:8)
  A deep elf pyromancer (D:11)
  A manticore (D:11)
  2 ice statues
  7 elephants
  A torpor snail (Lair:1)
  3 unseen horrors
  Maggie (D:7)
  5 cane toads
  A freezing wraith (IceCv)
  2 kobold demonologists (D:9)
  5 komodo dragons
  2 ice devils
  2 polar bears (Lair:2)
  3 trolls
  Prince Ribbit (D:7)
  13 yaks
  2 wyverns
  A dire elephant simulacrum (IceCv)
  Grum (D:8)
  4 vampire mosquitoes (D:11)
  3 steam dragons
  2 death yak simulacra (IceCv)
  A harpy simulacrum (IceCv)
  5 water moccasins
  4 black bears
  4 ice beasts (Lair:2)
  8 orc warriors
  An ogre (D:5)
  7 wolves
  5 centaurs
  A phantom (D:5)
  16 kobold brigands
  3 bullfrogs
  A gnoll sergeant (D:10)
  A cane toad simulacrum (IceCv)
  5 two-headed ogre simulacra (IceCv)
  9 wights
  4 elephant simulacra (IceCv)
  3 killer bees (D:9)
  A jelly (D:4)
  2 electric eels (D:9)
  7 howler monkeys
  3 hounds
  8 orc priests
  A gnoll bouda (D:9)
  7 orc wizards
  2 iguanas
  4 polar bear simulacra (IceCv)
  2 troll simulacra (IceCv)
  5 spriggan simulacra (IceCv)
  4 wolf simulacra (IceCv)
  15 gnolls
  11 adders
  6 naga simulacra (IceCv)
  21 white imps
  8 ufetubi
  3 dart slugs
  62 orcs
  A bat (D:1)
  7 endoplasms
  4 giant cockroaches
  6 goblins
  7 hobgoblins
  7 jackals
  A quokka (D:4)
  3 ball pythons
  3 frilled lizards
  2 goblin skeletons (D:8)
  A goblin zombie (D:8)
  2 hobgoblin zombies (D:8)
  31 kobolds
  2 kobold skeletons (D:8)
  2 kobold zombies (D:8)
  An orc zombie (D:8)
  A rat (D:1)
406 creatures vanquished.

Vanquished Creatures (collateral kills)
  Gastronok (D:8)
  2 death yaks
  A komodo dragon (Lair:2)
  An orc warrior (D:10)
  A wolf (Lair:2)
  An orc priest (D:5)
  4 gnolls
  2 orcs (D:5)
  A foxfire (Lair:2)
14 creatures vanquished.

Vanquished Creatures (others)
  An ufetubus (IceCv)
  1004 foxfires
  20 fungi
  39 plants
1064 creatures vanquished.

Grand Total: 1484 creatures vanquished

Notes
Turn   | Place    | Note
-------+----------+-------------------------------------------
     0 | D:1      | wormed the Demonspawn Fire Elementalist began the quest for
                  | the Orb.
     0 | D:1      | Reached XP level 1. HP: 13/13 MP: 3/3
   331 | D:1      | Gained mutation: A weak demonic guardian rushes to your
                  | aid. [demonic ancestry]
   331 | D:1      | Reached XP level 2. HP: 20/20 MP: 0/5
   388 | D:1      | Reached skill level 2 in Stealth
   823 | D:1      | Gained mutation: A demonic guardian rushes to your aid.
                  | [demonic ancestry]
   823 | D:1      | Reached XP level 3. HP: 25/25 MP: 3/6
  1070 | D:1      | Learned a level 2 spell: Scorch
  1074 | D:1      | Learned a level 3 spell: Inner Flame
  1293 | D:2      | Reached skill level 1 in Fighting
  1461 | D:1      | Reached XP level 4. HP: 20/32 MP: 0/7
  1837 | D:2      | Identified the +3 mace "Moskag" {distort, Int+2}
  2693 | D:3      | Found a sacrificial altar of Ru.
  3084 | D:3      | Found Fuvvayxta's General Store.
  3258 | D:4      | Reached XP level 5. HP: 38/38 MP: 3/8
  3946 | D:4      | Reached skill level 3 in Stealth
  3946 | D:4      | Gained mutation: You are partially covered in sharp spines.
                  | [demonic ancestry]
  3946 | D:4      | Reached XP level 6. HP: 45/45 MP: 2/10
  4132 | D:4      | Found a staircase to the Ecumenical Temple.
  4333 | D:4      | Identified the +10 dagger of the Spider Nest {pain, *Noise
                  | Str+2 Int+8 Stlth+}
  4839 | D:4      | Found a hazy altar of Hepliaklqana.
  4995 | D:4      | Learned a level 4 spell: Flame Wave
  5034 | D:5      | Entered Level 5 of the Dungeon
  5149 | D:5      | Reached XP level 7. HP: 51/51 MP: 6/11
  5232 | D:5      | Identified the ring of Cegh {rElec rPois rC+++ Int-4 Dex+3}
  5391 | D:5      | Found a broken altar of Ashenzari.
  5458 | D:5      | Found a snail-covered altar of Cheibriados.
  5751 | Temple   | Entered the Ecumenical Temple
  5879 | Temple   | Became a worshipper of Vehumet
  6037 | D:6      | Noticed a steam dragon
  6044 | D:6      | Killed a steam dragon
  6045 | D:6      | Reached skill level 4 in Stealth
  6144 | D:6      | Gained mutation: You have sharp fingernails. [demonic
                  | ancestry]
  6144 | D:6      | Reached XP level 8. HP: 59/59 MP: 6/13
  6503 | D:7      | Noticed Prince Ribbit
  6508 | D:7      | Killed Prince Ribbit
  6968 | D:6      | Reached skill level 5 in Stealth
  6968 | D:6      | Reached skill level 5 in Fire Magic
  7017 | D:6      | Reached * piety under Vehumet
  7017 | D:6      | Offered knowledge of Freeze by Vehumet.
  7127 | D:6      | Gained mutation: You are surrounded by a mild repulsion
                  | field. (EV +2) [demonic ancestry]
  7127 | D:6      | Reached XP level 9. HP: 66/66 MP: 6/16
  7472 | D:7      | Reached skill level 5 in Conjurations
  7777 | D:7      | Noticed Maggie
  7788 | D:7      | Killed Maggie
  7789 | D:7      | Reached skill level 5 in Spellcasting
  8084 | D:7      | Reached skill level 5 in Fighting
  8195 | D:7      | Reached skill level 5 in Dodging
  9211 | D:8      | Noticed Grum
  9223 | D:8      | Killed Grum
  9224 | D:8      | Reached skill level 6 in Stealth
  9391 | D:8      | Noticed Gastronok
  9404 | D:8      | Reached ** piety under Vehumet
  9404 | D:8      | Offered knowledge of Searing Ray by Vehumet.
  9408 | D:8      | Gained mutation: You are mostly covered in sharp spines.
                  | [demonic ancestry]
  9408 | D:8      | Reached XP level 10. HP: 41/76 MP: 4/18
  9409 | D:8      | HP: 2/76 [Gastronok/the air (40)]
  9671 | D:8      | Noticed Pikel
  9679 | D:8      | Killed Pikel
  9681 | D:8      | Noticed Erica
  9713 | D:8      | Killed Erica
 10206 | D:8      | Found an iron altar of Okawaru.
 10416 | D:8      | Killed Gastronok
 10812 | D:9      | Reached skill level 7 in Stealth
 11190 | D:9      | Found a staircase to the Lair.
 11240 | D:9      | Offered knowledge of Momentum Strike by Vehumet.
 11489 | D:9      | Found a blossoming altar of Fedhas.
 11652 | D:9      | Found a runed translucent gate.
 11652 | D:9      | Found a runed translucent gate.
 11652 | D:9      | Noticed olddryhag's ghost (novice DsGl)
 11653 | D:9      | Found a runed translucent gate.
 11874 | D:9      | Gained mutation: You have very sharp fingernails. [demonic
                  | ancestry]
 11874 | D:9      | Reached XP level 11. HP: 83/83 MP: 8/21
 12034 | D:9      | Killed olddryhag's ghost
 12034 | D:9      | Reached *** piety under Vehumet
 12414 | D:10     | Entered Level 10 of the Dungeon
 12463 | D:10     | Noticed a two-headed ogre
 12477 | D:10     | Killed a two-headed ogre
 12941 | D:10     | Offered knowledge of Airstrike by Vehumet.
 12950 | D:10     | Learned a level 4 spell: Airstrike
 13162 | D:10     | Found an opulent altar of Gozag.
 13463 | D:10     | Found a staircase to the Orcish Mines.
 13525 | D:10     | Found a sparkling altar of Nemelex Xobeh.
 13536 | D:10     | Found a shimmering altar of Xom.
 13536 | D:10     | Found a stormy altar of Qazlal.
 13610 | D:10     | Noticed a two-headed ogre
 13651 | D:10     | Killed a two-headed ogre
 13839 | D:10     | Noticed a two-headed ogre
 13852 | D:10     | Killed a two-headed ogre
 13853 | D:10     | Reached skill level 8 in Stealth
 14171 | D:10     | Found a hide-covered altar of Uskayaw.
 14342 | D:10     | Found a bloodstained altar of Trog.
 14393 | D:10     | Reached **** piety under Vehumet
 15097 | D:11     | Noticed a deep elf pyromancer
 15102 | D:11     | Killed a deep elf pyromancer
 15847 | D:11     | Offered knowledge of Irradiate by Vehumet.
 15848 | D:11     | Reached skill level 9 in Stealth
 16022 | D:11     | Noticed a two-headed ogre
 16031 | D:11     | Killed a two-headed ogre
 16032 | D:11     | Gained mutation: You are surrounded by a moderate repulsion
                  | field. (EV +3) [demonic ancestry]
 16032 | D:11     | Reached XP level 12. HP: 51/92 MP: 17/23
 16216 | Lair:1   | Entered Level 1 of the Lair of Beasts
 16280 | Lair:1   | Found a frozen archway.
 16419 | IceCv    | Entered an ice cave
 17317 | IceCv    | Reached ***** piety under Vehumet
 17375 | IceCv    | Offered knowledge of Ozocubu's Refrigeration by Vehumet.
 17479 | IceCv    | Identified the +0 battleaxe of the Blushing Penguin {vamp,
                  | rElec rN+ Will+}
 18294 | Lair:1   | Reached skill level 10 in Stealth
 18772 | Lair:2   | Noticed Fannar
 19301 | Lair:2   | Killed Fannar
 19583 | Lair:2   | Noticed a death yak
 19585 | Lair:2   | Noticed a death yak
 19586 | Lair:2   | Noticed a death yak
 19687 | Lair:2   | Noticed a death yak
 19810 | Lair:2   | Found a hole to the Spider Nest.
 19944 | Lair:2   | Learned a level 7 spell: Orb of Destruction
 20029 | Lair:2   | Gained mutation: You have claws for hands. [demonic
                  | ancestry]
 20029 | Lair:2   | Reached XP level 13. HP: 78/101 MP: 15/25
 20151 | Lair:2   | Reached skill level 11 in Stealth
 21616 | Lair:3   | HP: 1/101 [death yak (11)]
 21618 | Lair:3   | Demolished by a death yak

Illustrated notes

Levels and vault maps discovered:
D:1:      erik_arrival_blinker_ship, layout_basic
D:2:      layout_loops_corners, basic_altar, kennysheep_nub
D:3:      layout_basic, lemuel_crystal_altar, serial_shops, shop
D:4:      cheibrodos_helix_gallery, layout_layer_cave, marbit_many_paths,
          temple_doors_e
D:5:      layout_basic, old_standard_altar, lemuel_crystal_altar
D:6:      layout_basic, mrwooster_statue_mirror
D:7:      layout_basic, minmay_crystal_room, st_stairs_12, uniq_maggie,
          uniq_prince_ribbit1
D:8:      layout_basic, nicolae_tso_besieged_by_evil, kennysheep_mini_moat,
          dk_vineyard_1, uniq_grum, uniq_gastronok, uniq_pikel, uniq_erica
D:9:      layout_basic, mainiacjoe_overflow_small_starburst, lair_entry_dummy,
          gammafunk_ghost_nasty_kobolds, serial_bayou_lake_a
D:10:     layout_stronghold, mainiacjoe_overflow_boulevard,
          nicolae_uskayaw_murder_on_the_dancefloor, overflow_temple_1_default,
          mainiacjoe_overflow_surrounded_room, gammafunk_temple_overflow_pools,
          hiddenorc2_lemuel, kennysheep_decorative_pillar, serial_bayou_crossing
D:11:     layout_gridville
Temple:   nicolae_temple_figure_zero
Lair:1:   layout_roguey, portal_ice_cave_entry_imps, beast_lair_carwin_9
Lair:2:   layout_chaotic_city, spider_nest_entry_web_field,
          nicolae_lair_lil_pond, ice2_lemuel, uniq_fannar
Lair:3:   beast_lair_carwin_large_3, layout_hall_layers,
          minmay_swamp_entry_worms, pdpol_lair_cabin_in_the_woods,
          grunt_megastairs_5, uniq_rupert, uniq_nergalle

Skill      XL: |  1  2  3  4  5  6  7  8  9 10 11 12 13 |
---------------+----------------------------------------+-----
Stealth        | 2 3 4 5 6 7 9 10 11 | 11.0
Dodging        | 2 3 4 5 6 7 8 |  8.9
Fire Magic     | 3 4 5 6 7 8 9 |  9.2
Fighting       | 1 2 3 4 5 6 8 9 |  9.4
Conjurations   | 2 3 4 6 7 8 9 |  9.6
Spellcasting   | 3 4 5 6 7 8 9 |  9.1

Action                   |  1- 3 |  4- 6 |  7- 9 | 10-12 | 13-15 || total
-------------------------+-------+-------+-------+-------+-------++-------
Melee: Unarmed           |     2 |       |       |     8 |       ||    10
       Whip              |    13 |    23 |       |       |       ||    36
       Flail             |     4 |       |       |       |       ||     4
       Punch             |       |     1 |       |       |       ||     1
       Dagger            |       |    15 |    41 |    16 |    21 ||    93
Throw: Throwing net      |       |       |       |     1 |       ||     1
 Cast: Foxfire           |    50 |    27 |    60 |   377 |    85 ||   599
       Scorch            |     9 |    41 |    86 |   107 |    11 ||   254
       Inner Flame       |       |       |    11 |   216 |    26 ||   253
       Flame Wave        |       |       |       |     5 |     7 ||    12
  Use: Potion            |       |     1 |       |     1 |       ||     2
       Scroll            |       |    10 |     2 |     7 |     7 ||    26
 Stab: Sleeping          |       |     2 |     2 |       |       ||     4
Armor: Robe              |     2 |       |       |     6 |       ||     8
       Leather armour    |     6 |     6 |    13 |       |       ||    25
       Steam dragon scal |       |       |     2 |       |       ||     2
       Troll leather arm |       |       |       |    14 |    10 ||    24
Dodge: Dodged            |    39 |    49 |    80 |   179 |    71 ||   418

Table legend: (Time is in decaauts)
 A = Elapsed time spent in this place.
 B = Non-inter-level travel time spent in this place.
 C = Inter-level travel time spent in this place.
 D = Time resting spent in this place.
 E = Time spent auto-exploring this place.
 F = Levels seen in this place.
 G = Mean time per level.
                   A        B        C        D        E       F      G
               +--------+--------+--------+--------+--------+-----+--------+
         Total |  21745 |  20675 |   1070 |    122 |  17050 |  16 | 1359.1 |
       Dungeon |  16155 |  15416 |    739 |     23 |  13263 |  11 | 1468.6 |
        Temple |    141 |    128 |     13 |      0 |    110 |   1 |  141.0 |
          Lair |   4009 |   3691 |    318 |     99 |   2672 |   3 | 1336.3 |
      Ice Cave |   1438 |   1438 |      0 |      0 |   1003 |   1 | 1438.0 |
               +--------+--------+--------+--------+--------+-----+--------+

Top non-repeatable levels by time:
    D:10: 2666 daAuts
  Lair:2: 2302 daAuts
     D:4: 1857 daAuts
     D:8: 1813 daAuts
     D:7: 1746 daAuts
     D:9: 1731 daAuts
  Lair:1: 1579 daAuts
   IceCv: 1438 daAuts
     D:2: 1361 daAuts
     D:1: 1313 daAuts
     D:6: 1271 daAuts
    D:11: 1137 daAuts
     D:5: 698 daAuts
     D:3: 557 daAuts
  Temple: 141 daAuts
